 Dungeon Crawl Stone Soup version 0.28.0-43-g3370ac3207 (webtiles) character file.

Game seed: 14912199194694259336

1931 nickcage the Basher (level 8, -11/61 (68) HPs)
             Began as a Minotaur Fighter on Mar 7, 2022.
             Was an Initiate of Hepliaklqana.
             Mangled by a wight
             ... wielding a +0 great sword
              (12 damage)
             ... on level 9 of the Dungeon.
             The game lasted 00:11:54 (5139 turns).

nickcage the Basher (Minotaur Fighter)              Turns: 5139, Time: 00:11:54

HP:   -11/61 (68)   AC: 11    Str: 23    XL:     8   Next: 97%
MP:   7/7           EV:  6    Int:  5    God:    Hepliaklqana [......]
Gold: 192           SH:  9    Dex: 10    Spells: 7/7 levels left

rFire   . . .      SeeInvis .   y - +10 flail of Neovyoq {drain, rC+ Will++}
rCold   + . .      Faith    .   c - +0 buckler
rNeg    + . .      Spirit   .   e - +0 plate armour
rPois   .          Reflect  +   (helmet restricted)
rElec   .          Harm     .   (no cloak)
rCorr   .          Rampage  .   (no gloves)
Will    ++...                   (no boots)
Stlth   ..........              g - amulet of reflection
HPRegen 0.20/turn               i - ring of positive energy
MPRegen 0.10/turn               (no ring)

@: heavily drained
A: horns 2, retaliatory headbutt
a: Renounce Religion


You were on level 9 of the Dungeon.
You worshipped Hepliaklqana.
Hepliaklqana was noncommittal.
You visited 1 branch of the dungeon, and saw 7 of its levels.
You also visited: Sewer.

You collected 192 gold pieces.

Inventory:

Hand Weapons
 a - a +0 long sword
 m - a +0 vorpal falchion
 y - the +10 flail of Neovyoq (weapon) {drain, rC+ Will++}
   (You found it on level 4 of the Dungeon)

   A truly terrible weapon, it drains the life of any living foe it strikes.
   rC:        It protects you from cold.
   Will:      It greatly increases your willpower.
Missiles
 s - 6 poisoned darts (quivered)
Armour
 b - a +0 scale mail
 c - a +0 buckler (worn)
 d - a +0 troll leather armour {Pargi}
 e - a +0 plate armour (worn)
Jewellery
 g - an amulet of reflection (around neck)
 i - a ring of positive energy (left hand)
 j - a ring of magical power
Wands
 D - a wand of paralysis (11)
 F - a wand of digging (5)
Scrolls
 k - a scroll of blinking {unknown}
 l - 4 scrolls of teleportation
 q - 2 scrolls of fear
 u - 5 scrolls of identify
 v - a scroll of noise {unknown}
 x - a scroll of acquirement {unknown}
 z - a scroll of magic mapping
 A - 3 scrolls of fog
 B - a scroll of vulnerability {unknown}
Potions
 f - 4 potions of curing
 h - a potion of lignification {unknown}
 n - a potion of mutation {unknown}
 o - 6 potions of haste
 p - a potion of flight {unknown}
 r - a potion of brilliance {unknown}
 t - a potion of resistance
 w - a potion of invisibility {unknown}
 C - 2 potions of might
 E - a potion of degeneration {unknown}


   Skills:
 - Level 5.0 Fighting
 - Level 9.0 Long Blades
 * Level 10.3 Maces & Flails
 - Level 3.6 Armour
 - Level 3.6 Shields


You had 7 spell levels left.
You didn't know any spells.
Your spell library contained the following spells:

 Spells                   Type           Power      Damage    Failure   Level
 Foxfire                  Conj/Fire      0%         2x1d4     100%        1
 Ensorcelled Hibernation  Hex/Ice        0%         N/A       100%        2
 Passwall                 Tmut/Erth      0%         N/A       100%        2
 Conjure Flame            Conj/Fire      0%         6-21      100%        3
 Inner Flame              Hex/Fire       0%         N/A       100%        3
 Swiftness                Air            0%         N/A       100%        3
 Flame Wave               Conj/Fire      0%         2d4       100%        4


Dungeon Overview and Level Annotations

Branches:
Dungeon (6/15)             Temple (0/1) D:5             Orc (0/2) D:9
  Sewer (visited)

Altars:
Cheibriados
Hepliaklqana
Okawaru
Wu Jian
Yredelemnul

Shops:
D:1 !   D:3 [


Innate Abilities, Weirdness & Mutations

You have a pair of horns on your head.
You reflexively headbutt those who attack you in melee.


Message History

Your Maces & Flails skill increases to level 10!
You sock the wight!
The wight is severely damaged.
You block the wight's attack.
The wight hits you with a +0 great sword.
You partially resist.
You feel drained. The wight hits you with a +0 flail. You partially resist.
You feel drained.
You sock the wight!
You destroy the wight!
The wight hits you with a +0 great sword!
You partially resist.
You feel drained.
You closely miss the wight. You block the wight's attack.
The wight barely misses you. x2; You furiously retaliate!
You headbutt the wight! You thump the wight! Your headbutt misses the wight.
The wight is moderately damaged.
You block the wight's attack.
The wight hits you with a +0 great sword.
You partially resist.
You feel drained. You block the wight's attack.
You sock the wight!
You destroy the wight!
The wight barely misses you.
The wight hits you with a +0 great sword!
You partially resist.
You feel drained.
You barely miss the wight. You headbutt the wight.
The wight is severely damaged.
The wight barely misses you. You furiously retaliate!
You headbutt the wight.
The wight hits you with a +0 great sword.
* * * LOW HITPOINT WARNING * * *
You partially resist.
You feel drained.
You hit the wight.
You destroy the wight!
The wight hits you with a +0 great sword!
* * * LOW HITPOINT WARNING * * *
You partially resist.
You feel drained.
* * * LOW HITPOINT WARNING * * *
You sock the wight!
The wight is severely damaged.
The wight hits you with a +0 great sword!
You die...

###
###########.>#
#.....#.....##
.............##
..............#
......z)......#
......)@)...$.#
......)...(...#
...............
......!......##
#...........##
###....<..###
......###
#../....


You could see a wight.

Vanquished Creatures
  Eustachio (D:4)
  Edmund (D:6)
  A water moccasin (D:5)
  Pargi (Sewer)
  3 ice beasts (D:6)
  An ogre (D:6)
  A centaur (D:5)
  2 bullfrogs (D:6)
  A gnoll sergeant (D:6)
  A water moccasin skeleton (D:5)
  4 wights (D:9)
  A howler monkey (D:5)
  A centaur zombie (D:6)
  A hound (D:5)
  2 orc priests
  A bullfrog skeleton (D:6)
  4 iguanas
  A killer bee zombie (D:5)
  8 gnolls
  2 river rats (D:3)
  12 adders
  2 white imps (D:6)
  An ufetubus (D:6)
  A dart slug (D:2)
  10 orcs
  11 ball pythons
  2 bats
  5 endoplasms
  5 giant cockroaches
  7 goblins
  8 hobgoblins
  4 jackals (D:2)
  5 quokkas
  9 frilled lizards
  5 kobolds
  14 rats
139 creatures vanquished.

Notes
Turn   | Place    | Note
-------+----------+-------------------------------------------
     0 | D:1      | nickcage the Minotaur Fighter began the quest for the Orb.
     0 | D:1      | Reached XP level 1. HP: 19/19 MP: 0/0
   227 | D:1      | Reached XP level 2. HP: 26/26 MP: 1/1
   451 | D:1      | Found Quvacs's Distillery.
  1136 | D:2      | Reached XP level 3. HP: 27/31 MP: 2/2
  1282 | D:2      | Found a faded altar of an unknown god.
  1323 | D:2      | Reached skill level 5 in Long Blades
  1612 | D:3      | Reached XP level 4. HP: 36/39 MP: 3/3
  1615 | D:3      | Found a glowing drain.
  1634 | Sewer    | Entered a sewer
  1790 | Sewer    | Noticed Pargi
  1796 | Sewer    | Killed Pargi
  1797 | Sewer    | Reached XP level 5. HP: 43/45 MP: 4/4
  2185 | D:3      | Found Uzushan's Antique Armour Boutique.
  2201 | D:3      | Reached XP level 6. HP: 51/51 MP: 5/5
  2614 | D:4      | Noticed Eustachio
  2636 | D:4      | Killed Eustachio
  2916 | D:4      | Identified the +10 flail of Neovyoq {drain, rC+ Will++}
  3102 | D:4      | Identified the +1 scale mail of Naumocong {Rampage rF- rC+}
  3185 | D:5      | Entered Level 5 of the Dungeon
  3224 | D:5      | Reached skill level 1 in Maces & Flails
  3224 | D:5      | Reached XP level 7. HP: 54/58 MP: 6/6
  3239 | D:5      | Reached skill level 2 in Maces & Flails
  3576 | D:5      | Found a hazy altar of Hepliaklqana.
  3577 | D:5      | Found an iron altar of Okawaru.
  3583 | D:5      | Became a worshipper of Hepliaklqana the Forgotten
  3617 | D:5      | Reached skill level 3 in Maces & Flails
  3669 | D:5      | Found a staircase to the Ecumenical Temple.
  3714 | D:5      | Reached skill level 4 in Maces & Flails
  3894 | D:5      | Found a snail-covered altar of Cheibriados.
  3923 | D:5      | Found an ornate altar of the Wu Jian Council.
  4008 | D:5      | Reached skill level 5 in Fighting
  4008 | D:5      | Reached skill level 5 in Maces & Flails
  4192 | D:6      | Reached XP level 8. HP: 49/68 MP: 7/7
  4330 | D:6      | Reached skill level 6 in Maces & Flails
  4366 | D:6      | Noticed Edmund
  4371 | D:6      | Reached skill level 7 in Maces & Flails
  4373 | D:6      | Killed Edmund
  4475 | D:6      | Found a basalt altar of Yredelemnul.
  4493 | D:6      | Reached skill level 8 in Maces & Flails
  4667 | D:6      | Reached skill level 9 in Maces & Flails
  5128 | D:6      | You fall into a shaft and drop 3 floors!
  5128 | D:9      | Found a staircase to the Orcish Mines.
  5132 | D:9      | Reached skill level 10 in Maces & Flails
  5138 | D:9      | HP: 3/62 [wight/+0 great sword (15)]
  5138 | D:9      | HP: 1/60 [wight/+0 great sword (2)]
  5139 | D:9      | Mangled by a wight

Illustrated notes

Levels and vault maps discovered:
D:1:      lightli_iron_boxes, layout_basic, serial_shops, shop
D:2:      layout_rooms, hellmonk_ecumenical_altar_dog_temple,
          kennysheep_generic_room_3
D:3:      layout_rooms, portal_sewer_entry_b, serial_shops, shop,
          minmay_misc_feat_plants, minmay_misc_feat_pillars,
          minmay_snake_closets
D:4:      layout_cave_pools, minmay_misc_feat_hallway, uniq_eustachio
D:5:      layout_cave_pools, mainiacjoe_overflow_two_lobes,
          gammafunk_temple_overflow_pools, minmay_temple_entry_sparse_star,
          kb_lookout_dungeons_type
D:6:      layout_basic, general_overflow_altar, uniq_edmund
D:9:      layout_rooms, amcnicky_altar_gilded, erik_lair_orcish_takeover,
          orc_0_dummy, serial_shops, nicolae_shop_hallway_plus,
          nicolae_shop_waterfront, nicolae_square_shop, shop, shop,
          grunt_ministairs_1

Skill      XL: |  1  2  3  4  5  6  7  8 |
---------------+-------------------------+-----
Long Blades    | 3 4 5 7 9 |  9.0
Maces & Flails | 1 5 10 | 10.3
Fighting       | 5 |  5.0
Armour         | |  3.6
Shields        | |  3.6

Action                   |  1- 3 |  4- 6 |  7- 9 || total
-------------------------+-------+-------+-------++-------
Melee: Long sword        |   113 |   102 |       ||   215
       Headbutt          |    14 |     8 |    10 ||    32
       Falchion          |       |    12 |       ||    12
       Flail             |       |     7 |   100 ||   107
  Use: Scroll            |     1 |     7 |       ||     8
       Potion            |       |     1 |       ||     1
Armor: Plate armour      |    78 |    62 |    31 ||   171
       Scale mail        |     2 |       |       ||     2
Dodge: Dodged            |    28 |    30 |    27 ||    85
Block: Buckler           |    52 |    73 |    61 ||   186
       Reflection        |     1 |       |     5 ||     6
